 Dungeon Crawl Stone Soup version 0.29-a0-824-gd827844252 (webtiles) character file.

Game seed: 8537939924553215453

4690 kevlar127 the Grappler (level 10, -1/159 HPs)
             Began as a Troll Berserker on July 9, 2022.
             Was a High Priest of Trog.
             Slain by a hornet (9 damage)
             ... on level 9 of the Dungeon.
             The game lasted 00:19:50 (7900 turns).

kevlar127 the Grappler (Troll Berserker)            Turns: 7900, Time: 00:19:51

Health: -1/159     AC:  9    Str: 31    XL:     10   Next: 21%
Magic:  9/9        EV: 10    Int:  3    God:    Trog [*****.]
Gold:   150        SH:  0    Dex:  9    Spells: 9/9 levels left

rFire   . . .      SeeInvis +     - Unarmed
rCold   . . .      Faith    +   (no shield)
rNeg    . . .      Spirit   .   m - +1 robe {Will+}
rPois   .          Reflect  .   (helmet restricted)
rElec   .          Harm     .   (no cloak)
rCorr   .          Rampage  .   (gloves unavailable)
Will    +++..                   (boots unavailable)
Stlth   ..........              i - amulet of faith
HPRegen 2.16/turn               e - +4 ring of protection
MPRegen 0.11/turn               x - ring of see invisible

@: berserking, lethally poisoned (-1 -> -2), strong-willed, regenerating, slowed
A: large, unfitting armour, claws 3, regeneration 1, shaggy fur 1, tough skin 1
a: Renounce Religion, Berserk, Trog's Hand, Brothers in Arms


You were on level 9 of the Dungeon.
You worshipped Trog.
Trog was extremely pleased with you.
You visited 1 branch of the dungeon, and saw 9 of its levels.

You collected 402 gold pieces.
You spent 252 gold pieces at shops.

Inventory:

Missiles
 g - 83 stones
 t - 5 boomerangs (quivered)
 C - a curare-tipped dart
Armour
 m - a +1 robe of willpower (worn)
Jewellery
 e - a +4 ring of protection (left claw)
 i - an amulet of faith (around neck)
 x - a ring of see invisible (right claw)
 D - a ring of ice
Wands
 v - a wand of digging (5)
 y - a wand of flame (25)
 z - a wand of light (22)
Scrolls
 b - 6 scrolls of teleportation {unknown}
 d - 2 scrolls of fog {unknown}
 f - 11 scrolls of identify {unknown}
 h - 3 scrolls of enchant armour {unknown}
 j - 2 scrolls of poison {unknown}
 k - 2 scrolls of brand weapon {unknown}
 q - 2 scrolls of magic mapping {unknown}
 r - 2 scrolls of enchant weapon {unknown}
 u - a scroll of noise {unknown}
 A - a scroll of amnesia {unknown}
Potions
 a - 2 potions of degeneration {unknown}
 c - 5 potions of berserk rage
 l - 4 potions of flight
 n - 4 potions of haste {unknown}
 o - a potion of curing
 p - a potion of invisibility {unknown}
 s - 2 potions of heal wounds {unknown}
 w - a potion of attraction {unknown}
 B - a potion of resistance
 E - 2 potions of might {unknown}
 F - a potion of mutation {unknown}


   Skills:
 * Level 8.5 Fighting
 + Level 5.2 Throwing
 + Level 1.0 Armour
 - Level 3.0 Dodging
 * Level 10.1 Unarmed Combat


You had 9 spell levels left.
You didn't know any spells.
Your spell library was empty.

Dungeon Overview and Level Annotations

Branches:
Dungeon (9/15)             Temple (0/1) D:6            Lair (0/6) D:9
    Orc: D:9-12

Altars:
Hepliaklqana

Shops:
D:2 :[**   D:3 !   D:8 [


Innate Abilities, Weirdness & Mutations

You are too large for most types of armour.
You have claws for hands.
Your natural rate of healing is unusually fast.
You are covered in fur. (AC +1)
You have tough skin. (AC +1)


Message History

The wyvern bites you but does no damage.
The hornet stings you!
You feel as though you will be slow longer.
The wyvern bites you but does no damage.
The hornet stings you.
You feel as though you will be slow longer.
Your skin crawls.
You feel strong-willed.
You feel very sick. The wyvern bites you! The hornet misses you.
The wyvern barely misses you. The hornet stings you!
* * * LOW HITPOINT WARNING * * *
You are more poisoned.
You feel as though you will be slow longer.
The wyvern bites you but does no damage.
You feel better. The hornet stings you.
You are poisoned.
You feel as though you will be slow longer.
The wyvern hisses menacingly.
The wyvern bites you!
* * * LOW HITPOINT WARNING * * *
The hornet closely misses you.
The howler monkey hoots and howls with incredible vigour!
The wyvern closely misses you.
A red film seems to cover your vision as you go berserk!
You feel yourself moving faster!
You feel mighty!
You feel very sick. The hornet stings you!
* * * LOW HITPOINT WARNING * * *
You feel as though you will be slow longer.
The wyvern bites you but does no damage.
The hornet barely misses you. The wyvern bites you.
* * * LOW HITPOINT WARNING * * *
You claw the wyvern!
The wyvern is moderately wounded.
You feel sick. The hornet stings you.
* * * LOW HITPOINT WARNING * * *
You feel as though you will be slow longer.
The wyvern closely misses you. The hornet stings you!
You die...

#
#.##............#
.............#####
#.##..##.##.# #
#........##.#
...#####..#####.#
#.........#####.#
.####....../...#
#y#.##.##...
#@#......
#l####>##.. .h# #
# #... ...# #.#.#
#...# ##.##


You could see a hornet, a wyvern and a howler monkey (catching breath).

Vanquished Creatures
  Prince Ribbit (D:7)
  Sigmund (D:3)
  Eustachio (D:6)
  Duvessa (D:5)
  A water moccasin (D:8)
  3 orc warriors (D:9)
  3 black bears (D:9)
  3 ice beasts
  An ogre (D:4)
  2 centaurs (D:8)
  3 phantoms (D:5)
  A kobold brigand (D:7)
  2 bullfrogs
  A scorpion (D:9)
  4 water moccasin zombies (D:5)
  5 wights (D:8)
  Dowan (D:5)
  11 killer bees (D:8)
  A vampire bat (D:5)
  3 howler monkeys
  3 centaur zombies (D:5)
  3 bullfrog zombies (D:5)
  5 hounds
  4 orc priests
  3 centaur skeletons (D:5)
  2 jellies (D:6)
  A gnoll bouda (D:8)
  2 iguanas (D:6)
  5 orc wizards
  A killer bee zombie (D:5)
  A hound skeleton (D:5)
  A hound zombie (D:5)
  A howler monkey zombie (D:5)
  5 gnolls (D:8)
  6 adders
  2 white imps (D:8)
  An ufetubus (D:7)
  An adder zombie (D:5)
  An adder skeleton (D:5)
  5 worms
  5 dart slugs
  3 fire bats (D:5)
  31 orcs
  2 spectral bats (D:5)
  14 bats
  3 bat skeletons (D:5)
  A bat zombie (D:5)
  7 endoplasms
  3 giant cockroaches (D:4)
  6 goblins
  4 hobgoblins
  19 jackals
  16 kobolds
  4 quokkas
  6 ball pythons
  A bat simulacrum (D:5)
  2 frilled lizards
  5 rats
234 creatures vanquished.

Vanquished Creatures (others)
  9 fungi
  3 plants (D:9)
  5 toadstools (D:6)
17 creatures vanquished.

Grand Total: 251 creatures vanquished

Notes
Turn   | Place    | Note
-------+----------+-------------------------------------------
     0 | D:1      | kevlar127 the Troll Berserker began the quest for the Orb.
     0 | D:1      | Reached XP level 1. HP: 22/22 MP: 0/0
   341 | D:1      | Reached XP level 2. HP: 29/29 MP: 1/1
   771 | D:1      | Reached XP level 3. HP: 36/36 MP: 2/2
   909 | D:2      | Found Kufymech's General Store.
   934 | D:2      | Found Puofuf's Armour Boutique.
   949 | D:2      | Found a hazy altar of Hepliaklqana.
  1003 | D:2      | Found Vyem's Book Shoppe.
  1074 | D:2      | Reached ** piety under Trog
  1124 | D:2      | Found Vaorotez's Assorted Antiques.
  1316 | D:2      | Reached XP level 4. HP: 45/45 MP: 3/3
  1594 | D:3      | Noticed Sigmund
  1618 | D:3      | Killed Sigmund
  1619 | D:3      | Reached skill level 4 in Unarmed Combat
  1619 | D:3      | Reached XP level 5. HP: 13/54 MP: 4/4
  1940 | D:3      | Found a faded altar of an unknown god.
  2011 | D:3      | Found Nanuusha's Distillery.
  2018 | D:3      | Reached skill level 5 in Unarmed Combat
  2018 | D:3      | Reached XP level 6. HP: 62/62 MP: 5/5
  2025 | D:3      | Bought a potion of flight for 36 gold pieces
  2025 | D:3      | Bought a potion of curing for 36 gold pieces
  2083 | D:4      | Reached *** piety under Trog
  2949 | D:5      | Entered Level 5 of the Dungeon
  2949 | D:5      | Noticed Duvessa
  2949 | D:5      | Noticed Dowan
  2955 | D:5      | Killed Duvessa
  2956 | D:5      | Reached skill level 5 in Fighting
  2956 | D:5      | Reached skill level 6 in Unarmed Combat
  2956 | D:5      | Reached XP level 7. HP: 47/72 MP: 6/6
  3180 | D:5      | Killed Dowan
  3552 | D:5      | Reached skill level 7 in Unarmed Combat
  3552 | D:5      | Reached XP level 8. HP: 83/83 MP: 7/7
  3700 | D:5      | Reached skill level 1 in Throwing
  3705 | D:5      | Reached **** piety under Trog
  4140 | D:6      | Reached skill level 8 in Unarmed Combat
  4151 | D:6      | Noticed Eustachio
  4161 | D:6      | Killed Eustachio
  4301 | D:6      | Found a staircase to the Ecumenical Temple.
  4307 | D:6      | Reached XP level 9. HP: 92/92 MP: 8/8
  5205 | D:3      | Bought a potion of resistance for 120 gold pieces
  5205 | D:3      | Bought a potion of berserk rage for 60 gold pieces
  5574 | D:7      | Noticed Prince Ribbit
  5606 | D:7      | Killed Prince Ribbit
  6345 | D:8      | Reached ***** piety under Trog
  6429 | D:8      | Reached skill level 5 in Throwing
  6429 | D:8      | Reached skill level 9 in Unarmed Combat
  7615 | D:8      | Found Zucryl's Armour Shop.
  7694 | D:8      | Reached XP level 10. HP: 60/104 MP: 9/9
  7781 | D:9      | Received a gift from Trog
  7782 | D:9      | Reached skill level 10 in Unarmed Combat
  7809 | D:9      | Found a staircase to the Lair.
  7886 | D:9      | Reached skill level 1 in Armour
  7895 | D:9      | Paralysed by a hornet for 1 turns
  7900 | D:9      | Slain by a hornet

Illustrated notes

Levels and vault maps discovered:
D:1:      dpeg_arrival_chambers_temple_mockup, layout_loops_corners,
          minivault_25
D:2:      layout_rooms, serial_shops, nicolae_diamond_shop, shop,
          nicolae_shop_behind_doors, nicolae_diamond_shop, basic_altar,
          amcnicky_mini_corridor_feature, chequers_serial_rivers_micro_d,
          nicolae_titane
D:3:      layout_basic, serial_shops, shop,
          dreamdust_ecumenical_altar_angels_and_demons, uniq_sigmund
D:4:      layout_loops_corners, hex_medium, minmay_liquid_box,
          kennysheep_decorative_pillar, minmay_misc_feat_alley,
          grunt_ministairs_6
D:5:      layout_basic, serial_undead, serial_undead_a, serial_undead_d,
          serial_undead_d, serial_undead_a, goddamned_bats, uniq_duvessa
D:6:      layout_loops_ring, minmay_temple_entry_proselytizer,
          minmay_gold_behind_fungi, nicolae_wand_duel, nicolae_hexahallways,
          hangedman_abyss_or_decor_slice, uniq_eustachio
D:7:      layout_loops_corners, uniq_prince_ribbit1
D:8:      layout_basic, serial_glass, glass_columns_b, glass_columns_a,
          glass_columns_a, glass_columns_a, glass_columns_a, glass_columns_b,
          glass_columns_a, glass_columns_c, glass_columns_c, glass_columns_a,
          glass_columns_a, glass_columns_b, glass_columns_a, glass_columns_c,
          serial_shops, shop
D:9:      layout_loops_cross, grunt_temple_overflow_open,
          grunt_lair_entry_orc_guard_hut, minmay_checkerbox

Skill      XL: |  1  2  3  4  5  6  7  8  9 10 |
---------------+-------------------------------+-----
Dodging        | 3 |  3.0
Fighting       | 3 4 5 6 8 |  8.5
Unarmed Combat | 4 5 6 7 8 9 10 | 10.1
Throwing       | 3 5 |  5.2
Armour         | 1 |  1.0

Action                   |  1- 3 |  4- 6 |  7- 9 | 10-12 || total
-------------------------+-------+-------+-------+-------++-------
Melee: Unarmed           |   102 |   146 |   399 |    69 ||   716
       Punch             |     3 |     3 |    17 |     8 ||    31
Invok: Berserk           |       |     1 |     2 |     1 ||     4
       Trog's Hand       |       |       |     2 |     1 ||     3
  Use: Potion            |       |       |     1 |     1 ||     2
 Stab: Sleeping          |     1 |       |       |       ||     1
Armor: Animal skin       |    26 |    21 |       |       ||    47
       Robe              |       |    30 |   209 |    11 ||   250
Dodge: Dodged            |    38 |    70 |   258 |    19 ||   385

Table legend: (Time is in decaauts)
 A = Elapsed time spent in this place.
 B = Non-inter-level travel time spent in this place.
 C = Inter-level travel time spent in this place.
 D = Time resting spent in this place.
 E = Time spent auto-exploring this place.
 F = Levels seen in this place.
 G = Mean time per level.
                   A        B        C        D        E       F      G
               +--------+--------+--------+--------+--------+-----+--------+
         Total |   7846 |   7244 |    602 |   1166 |   4794 |   9 |  871.8 |
       Dungeon |   7846 |   7244 |    602 |   1166 |   4794 |   9 |  871.8 |
               +--------+--------+--------+--------+--------+-----+--------+

Top non-repeatable levels by time:
     D:8: 1397 daAuts
     D:6: 1092 daAuts
     D:4: 1056 daAuts
     D:5: 1015 daAuts
     D:1: 997 daAuts
     D:7: 840 daAuts
     D:3: 764 daAuts
     D:2: 551 daAuts
     D:9: 130 daAuts
